[ AOE2 MATCH · #484415324 ]
UnrankedHindustanis vs Mongols
[ REPLAY ANALYSIS · EXTRACTED FROM THE RECORDED GAME ]
Feudal
—
Castle
—
Imperial
—
| APM avg | 30.8 |
| APM peak | 58 |
| eAPM avg | 22.3 |
| Villagers / military | 8 / 0 |
Focus
⚔️ 8.7% · 🌾 91.3%
Feudal
—
Castle
—
Imperial
—
| APM avg | 16.0 |
| APM peak | 32 |
| eAPM avg | 6.9 |
| Villagers / military | 7 / 0 |
Focus
⚔️ 0.0% · 🌾 100.0%
Feudal
—
Castle
—
Imperial
—
| APM avg | 20.0 |
| APM peak | 28 |
| eAPM avg | 7.4 |
| Villagers / military | 8 / 0 |
Focus
⚔️ 15.8% · 🌾 84.2%
Feudal
—
Castle
—
Imperial
—
| APM avg | 23.1 |
| APM peak | 38 |
| eAPM avg | 12.8 |
| Villagers / military | 5 / 0 |
Focus
⚔️ 22.2% · 🌾 77.8%
Feudal
—
Castle
—
Imperial
—
| APM avg | 16.3 |
| APM peak | 31 |
| eAPM avg | 10.3 |
| Villagers / military | 15 / 0 |
Focus
⚔️ 0.0% · 🌾 100.0%
Feudal
—
Castle
—
Imperial
—
| APM avg | 10.6 |
| APM peak | 28 |
| eAPM avg | 7.4 |
| Villagers / military | 6 / 0 |
Focus
⚔️ 0.0% · 🌾 100.0%
Feudal
—
Castle
—
Imperial
—
| APM avg | 26.5 |
| APM peak | 34 |
| eAPM avg | 13.4 |
| Villagers / military | 6 / 0 |
Focus
⚔️ 30.4% · 🌾 69.6%
Feudal
—
Castle
—
Imperial
—
| APM avg | 12.8 |
| APM peak | 19 |
| eAPM avg | 5.7 |
| Villagers / military | 10 / 0 |
Focus
⚔️ 0.0% · 🌾 100.0%
Match map
Initial resources + every placement click. Lines = walls · curves = elevation contours. ◆ gold · ⬟ stone · ● berries · ✦ relic · ◌ wall gap
Your base
Axepo's base
jajaJAZ8720's base
magician.woodchuck's base
YaSh the B3AST's base
Iris Kingdom's base
cj23cajoga's base
yeniçeri's base
Smoothed initial terrain · ◌ = detected wall gap · hover for details
Inputs per minute
— KURD478156 - - Axepo
Build order — KURD478156
13 actions detected in the replay
| 0:02 | Research | Loom |
| 0:02 | Create | Villager (Male) |
| 0:03 | Create | Villager (Male) |
| 0:03 | Create | Villager (Male) |
| 0:03 | Create | Villager (Male) |
| 0:04 | Create | Villager (Male) |
| 0:08 | Build | House |
| 0:16 | Build | House |
| 0:58 | Build | Palisade Wall |
| 1:29 | Create | Villager (Male) |
| 2:30 | Build | Palisade Wall |
| 2:37 | Create | Villager (Male) |
| 2:37 | Create | Villager (Male) |
Build order — Axepo
11 actions detected in the replay
| 0:03 | Research | Loom |
| 0:04 | Create | Villager (Male) |
| 0:04 | Create | Villager (Male) |
| 0:04 | Create | Villager (Male) |
| 0:05 | Create | Villager (Male) |
| 0:27 | Build | House |
| 0:29 | Build | House |
| 2:00 | Create | Villager (Male) |
| 2:33 | Create | Villager (Male) |
| 2:43 | Build | Lumber Camp |
| 2:47 | Create | Villager (Male) |
Build order — jajaJAZ8720
14 actions detected in the replay
| 0:18 | Build | House |
| 0:24 | Create | Villager (Male) |
| 0:25 | Create | Villager (Male) |
| 0:25 | Create | Villager (Male) |
| 0:25 | Create | Villager (Male) |
| 0:25 | Create | Villager (Male) |
| 0:50 | Build | House |
| 0:53 | Build | House |
| 1:00 | Build | Palisade Wall |
| 2:04 | Build | Palisade Wall |
| 2:21 | Create | Villager (Male) |
| 2:45 | Build | Palisade Wall |
| 3:08 | Create | Villager (Male) |
| 3:19 | Create | Villager (Male) |
Build order — magician.woodchuck
11 actions detected in the replay
| 0:01 | Create | Villager (Male) |
| 0:02 | Create | Villager (Male) |
| 0:04 | Build | House |
| 0:06 | Build | House |
| 0:20 | Research | Loom |
| 0:37 | Create | Villager (Male) |
| 0:37 | Create | Villager (Male) |
| 0:54 | Create | Villager (Male) |
| 1:09 | Build | Palisade Wall |
| 1:36 | Build | Palisade Wall |
| 2:13 | Build | Palisade Wall |
Build order — YaSh the B3AST
20 actions detected in the replay
| 0:01 | Create | Villager (Male) |
| 0:02 | Create | Villager (Male) |
| 0:02 | Create | Villager (Male) |
| 0:02 | Create | Villager (Male) |
| 0:02 | Create | Villager (Male) |
| 0:02 | Create | Villager (Male) |
| 0:02 | Create | Villager (Male) |
| 0:02 | Create | Villager (Male) |
| 0:02 | Create | Villager (Male) |
| 0:02 | Create | Villager (Male) |
| 0:10 | Build | House |
| 0:45 | Build | House |
| 0:46 | Build | House |
| 0:47 | Build | House |
| 1:39 | Create | Villager (Male) |
| 2:24 | Create | Villager (Male) |
| 3:00 | Create | Villager (Male) |
| 3:03 | Research | Loom |
| 3:06 | Create | Villager (Male) |
| 3:20 | Create | Villager (Male) |
Build order — Iris Kingdom
9 actions detected in the replay
| 0:01 | Create | Villager (Male) |
| 0:02 | Create | Villager (Male) |
| 0:02 | Create | Villager (Male) |
| 0:02 | Create | Villager (Male) |
| 0:04 | Build | House |
| 0:06 | Build | House |
| 1:44 | Create | Villager (Male) |
| 2:33 | Create | Villager (Male) |
| 2:38 | Build | Lumber Camp |
Build order — cj23cajoga
15 actions detected in the replay
| 0:03 | Research | Loom |
| 0:04 | Create | Villager (Male) |
| 0:08 | Build | House |
| 0:09 | Build | House |
| 0:37 | Build | Palisade Wall |
| 0:44 | Create | Villager (Male) |
| 0:45 | Create | Villager (Male) |
| 0:45 | Create | Villager (Male) |
| 1:17 | Build | Palisade Wall |
| 1:41 | Build | Palisade Wall |
| 1:45 | Build | Palisade Wall |
| 2:02 | Build | Palisade Gate |
| 2:57 | Build | Palisade Wall |
| 3:02 | Create | Villager (Male) |
| 3:02 | Create | Villager (Male) |
Build order — yeniçeri
10 actions detected in the replay
| 0:12 | Build | House |
| 0:12 | Build | House |
| 0:51 | Create | Villager (Male) |
| 0:51 | Research | Loom |
| 0:52 | Create | Villager (Male) ×3 |
| 0:52 | Create | Villager (Male) ×3 |
| 1:50 | Create | Villager (Male) |
| 1:51 | Create | Villager (Male) |
| 2:40 | Create | Villager (Male) |
| 3:29 | Build | Lumber Camp |
Match timeline
| 0:37 | cj23cajoga · wall_segment Palisade Wall x10 |
| 0:58 | KURD478156 · wall_segment Palisade Wall x13 |
| 1:00 | jajaJAZ8720 · wall_segment Palisade Wall x3 |
| 1:09 | magician.woodchuck · wall_segment Palisade Wall x8 |
| 1:17 | cj23cajoga · wall_segment Palisade Wall x10 |
| 1:36 | magician.woodchuck · wall_segment Palisade Wall x1 |
| 1:41 | cj23cajoga · wall_segment Palisade Wall x14 |
| 1:45 | cj23cajoga · wall_segment Palisade Wall x14 |
| 2:04 | jajaJAZ8720 · wall_segment Palisade Wall x1 |
| 2:13 | magician.woodchuck · wall_segment Palisade Wall x1 |
| 2:30 | KURD478156 · wall_segment Palisade Wall x12 |
| 2:44 | Iris Kingdom · resign |
| 2:45 | jajaJAZ8720 · wall_segment Palisade Wall x10 |
| 2:57 | cj23cajoga · wall_segment Palisade Wall x13 |
[ AI ANALYSIS · 1 CREDIT ]
What really happened in this match?
Wolo.gg analyzes every decision: build order, eco, micro, common mistakes by bracket. Personalized analysis on WhatsApp or Discord in 30 seconds.
Civ guide
Hindustanis
Perfil
Jugador #25599951